AoeStats
← burned doc

Arena

510090664Analyzed
4v4 RM · 3d ago on Sep 29, 2026· 40m 45s· 8 players
Game mode
Random Map
Map size
Large (8 player)
Population
200
Speed
Normal
Resources
Standard
Victory
Conquest
Starting age
Dark Age
Ending age
Imperial Age
RankedLock teamsTeams togetherTeam positionsShared explorationLock speedFull tech treeHidden civsTurbo modeCheats
Victory
Defeat
🇨🇳 Franks · China
1022
+11
🇨🇳 Japanese · China
1020
+11
🇨🇳 Khmer · China
960
+13
🇪🇸 Shu · Spain
872
+16
🇮🇳 Turks · India
932
-15
🇨🇳 Byzantines · China
899
-13
🇭🇰 Shu · Hong Kong SAR China
886
-12
🇿🇦 Chinese · South Africa
861
-11
burned doc
11:35 Feudal Age
14:59 Double-Bit Axe
17:26 Castle Age
22:57 Imperial Age
28:51 Wheelbarrow
33:53 Gold Mining
ccpui1203
1:41 Loom
11:26 Feudal Age
13:10 Double-Bit Axe
13:08 Horse Collar
16:05 Castle Age
17:58 Bow Saw
19:04 Wheelbarrow
21:00 Heavy Plow
28:44 Imperial Age
26:39 Hand Cart
26:23 Stone Mining
27:12 Fletching
27:23 Padded Archer Armor
27:57 Bodkin Arrow
27:48 Treadmill Crane
27:59 Heated Shot
28:29 Ballistics
29:37 Leather Archer Armor
30:10 Bracer
30:22 Forging
31:01 Thumb Ring
30:16 Crossbowman
31:29 Ring Archer Armor
31:00 Scale Mail Armor
32:11 Chemistry
31:08 Town Watch
31:49 Bolt Magazine
32:19 Gold Mining
32:50 Arbalester
35:00 Two-Man Saw
34:38 Gold Shaft Mining
34:12 Arson
34:28 Squires
33:48 Pikeman
34:58 Chain Mail Armor
34:59 Halberdier
36:09 Arrowslits
36:35 Masonry
36:20 Murder Holes
36:57 Plate Mail Armor
Korporaal Langpaal
12:00 Feudal Age
10:53 Loom
16:32 Castle Age
19:40 Double-Bit Axe
19:40 Horse Collar
20:32 Stone Mining
22:28 Bloodlines
25:59 Bow Saw
25:59 Heavy Plow
27:59 Wheelbarrow
27:10 Town Watch
27:56 Forging
27:37 Fletching
28:56 Padded Archer Armor
29:31 Iron Casting
28:20 Pikeman
29:02 Squires
30:17 Ballistics
30:08 Fortified Wall
29:55 Murder Holes
30:26 Great Wall
31:20 Hand Cart
31:05 Town Patrol
31:38 Bodkin Arrow
32:00 Leather Archer Armor
31:51 Scale Barding Armor
34:02 Gold Mining
34:48 Stone Shaft Mining
34:56 Husbandry
37:29 Imperial Age
35:22 Chain Barding Armor
38:20 Bracer
38:51 Ring Archer Armor
39:22 Blast Furnace
38:58 Plate Barding Armor
39:40 Chemistry
38:03 Cavalier
38:36 Halberdier
40:37 Scale Mail Armor
Aaron_7
9:50 Feudal Age
16:22 Castle Age
14:33 Double-Bit Axe
16:03 Horse Collar
28:47 Imperial Age
26:15 Gold Mining
26:32 Scale Barding Armor
27:08 Wheelbarrow
28:51 Hand Cart
28:34 Stone Mining
29:20 Gold Shaft Mining
29:26 Gold Shaft Mining
28:54 Heavy Plow
30:08 Conscription
30:04 Forging
29:44 Loom
30:58 Bow Saw
31:17 Chain Barding Armor
32:36 Crop Rotation
32:43 Husbandry
34:51 Plate Barding Armor
34:18 Scale Mail Armor
34:54 Iron Casting
35:35 Fletching
36:56 Chain Mail Armor
36:33 Elite Skirmisher
37:19 Padded Archer Armor
36:56 Pikeman
37:36 Squires
37:22 Gambesons
37:40 Bodkin Arrow
38:51 Two-Man Saw
38:10 Thumb Ring
37:39 Halberdier
40:53 Plate Mail Armor
40:24 Bracer
fer_es_merengue9
11:26 Feudal Age
12:40 Double-Bit Axe
16:01 Loom
19:00 Castle Age
18:20 Fletching
18:15 Horse Collar
18:28 Gold Mining
18:38 Stone Mining
20:36 Bow Saw
20:51 Crossbowman
24:04 Heavy Plow
25:49 Thumb Ring
25:57 Bodkin Arrow
26:03 Padded Archer Armor
28:34 Leather Archer Armor
28:30 Forging
27:50 Pikeman
29:46 Scale Mail Armor
29:37 Gambesons
29:52 Squires
34:46 Imperial Age
33:50 Coiled Serpent Array
34:00 Coiled Serpent Array
34:27 Arson
35:27 Chain Mail Armor
36:17 Wheelbarrow
35:28 Town Watch
36:48 Two-Man Saw
36:48 Gold Shaft Mining
36:45 Conscription
36:51 Arbalester
40:38 Bracer
41:08 Ring Archer Armor
41:09 Plate Mail Armor
41:27 Hand Cart
让我和Mika一边
11:01 Feudal Age
15:32 Castle Age
14:01 Double-Bit Axe
23:11 Wheelbarrow
22:47 Gold Mining
24:23 Stone Mining
29:29 Imperial Age
27:44 Scale Barding Armor
29:10 Hand Cart
29:11 Husbandry
29:23 Loom
30:02 Chain Barding Armor
30:41 Gold Shaft Mining
29:32 Cavalier
31:27 Plate Barding Armor
31:22 Chivalry
31:47 Conscription
31:24 Paladin
34:18 Forging
35:56 Iron Casting
41:20 Blast Furnace
君士坦丁十一世
12:25 Feudal Age
15:10 Castle Age
13:18 Double-Bit Axe
13:44 Horse Collar
16:27 Heavy Plow
16:46 Bow Saw
17:53 Heavy Plow
19:42 Loom
22:25 Wheelbarrow
23:58 Hand Cart
25:52 Gold Mining
27:25 Gold Shaft Mining
27:43 Stone Mining
31:09 Imperial Age
29:22 Bloodlines
29:13 Husbandry
30:19 Stone Shaft Mining
30:19 Forging
30:16 Scale Barding Armor
30:16 Tusk Swords
31:43 Iron Casting
31:30 Chain Barding Armor
31:13 Elite Battle Elephant
32:20 Conscription
33:44 Blast Furnace
33:22 Plate Barding Armor
33:45 Double Crossbow
35:19 Light Cavalry
35:23 Elite Ballista Elephant
41:06 Ballistics
40:52 Siege Engineers
Mika_168
10:08 Feudal Age
10:48 Feudal Age
14:50 Castle Age
13:45 Double-Bit Axe
13:43 Horse Collar
16:24 Loom
18:20 Gambesons
25:20 Man-at-Arms
26:28 Fletching
27:22 Bow Saw
27:17 Bodkin Arrow
27:29 Padded Archer Armor
28:20 Gold Mining
29:44 Ballistics
31:08 Thumb Ring
31:19 Leather Archer Armor
37:35 Imperial Age
37:53 Heavy Cavalry Archer
38:59 Parthian Tactics
38:35 Bracer
39:06 Ring Archer Armor
39:34 Conscription
40:42 Chemistry
Connection lost

Rejoining the realm…

Still unreachable

The connection could not be restored.

Session expired

The server has moved on; the page needs a fresh start.